 Dungeon Crawl Stone Soup version 0.24-a0-584-g9d6b971ae4 (webtiles) character file.

Game seed: 8928467091708462796, levelgen mode: deterministic

132927 Kavrick the Bludgeoner (level 17, -4/110 HPs)
             Began as a Gargoyle Berserker on Aug 30, 2019.
             Was the Champion of Trog.
             Slain by a hell rat (7 damage)
             ... summoned by a deep elf mage
             ... on level 1 of the Elven Halls.
             The game lasted 01:25:15 (31795 turns).

Kavrick the Bludgeoner (Gargoyle Berserker)        Turns: 31795, Time: 01:25:15

Health: -4/110     AC: 14    Str: 28    XL:     17   Next: 13%
Magic:  0/17       EV: 10    Int:  8    God:    Trog [******]
Gold:   2457       SH:  0    Dex: 13    Spells: 16/16 levels left

rFire    . . .     SeeInvis .   k - +3 mace (crush)
rCold    + . .     Gourm    .   K - +0 shield {rC+}
rNeg     + . .     Faith    .   A - +4 plate armour
rPois    ∞         Spirit   +   C - +1 helmet
rElec    +         Reflect  .   w - scarf {repulsion}
rCorr    .         Harm     .   Z - +0 pair of gloves
MR       +++..                  v - +0 pair of boots
Stlth    ..........             N - amulet of guardian spirit
HPRegen  1.28/turn              X - ring of stealth
MPRegen  0.15/turn              S - +4 ring of dexterity

@: confused, corroded, berserk cooldown, starving, regenerating, slowed,
drained, repel missiles, very slow
A: big wings, negative energy resistance 1, electricity resistance, unbreathing,
petrification resistance, rot immunity, AC +12
a: Fly, Berserk, Trog's Hand, Brothers in Arms, Renounce Religion


You were on level 1 of the Elven Halls.
You worshipped Trog.
Trog was exalted by your worship.
You were starving.

You visited 4 branches of the dungeon, and saw 24 of its levels.

You collected 2772 gold pieces.
You spent 315 gold pieces at shops.

Inventory:

Hand Weapons
 k - a +3 mace of crushing (weapon)
 l - a +2 eveningstar of protection
 x - a +2 antimagic flail
Missiles
 d - 34 silver javelins
 m - 102 poisoned darts
 q - 10 atropa-tipped darts
 D - 8 silver boomerangs
 I - 5 datura-tipped darts
 J - 6 javelins
 O - 7 curare-tipped darts
 P - 9 boomerangs (quivered)
Armour
 v - a +0 pair of boots (worn)
 w - a scarf of repulsion (worn)
 A - a +4 plate armour (worn)
 C - a +1 helmet (worn)
 F - a +0 large shield
 K - a +0 shield of cold resistance (worn)
 W - a +0 shield of positive energy
 Z - a +0 pair of gloves (worn)
Jewellery
 N - an amulet of guardian spirit (around neck)
 S - a +4 ring of dexterity (right hand)
 X - a ring of stealth (left hand)
 Y - an uncursed ring of protection from fire
Wands
 n - a wand of digging (6)
 p - a wand of enslavement (6)
 L - a wand of flame (7)
 Q - a wand of disintegration (21)
 R - a wand of acid (20)
Scrolls
 a - 4 scrolls of magic mapping
 e - 13 scrolls of teleportation
 h - 3 scrolls of fear
 j - a scroll of fog
 o - 7 scrolls of blinking
 s - 2 scrolls of holy word
 y - 12 scrolls of identify
 G - 3 scrolls of silence
 H - 8 scrolls of remove curse
 M - 5 scrolls of enchant weapon
 T - 2 scrolls of enchant armour
 U - a scroll of brand weapon
Potions
 b - 4 potions of cancellation
 f - 18 potions of curing
 g - 5 potions of invisibility
 i - 6 potions of heal wounds
 r - a potion of ambrosia
 t - 2 potions of might
 u - 3 potions of agility
 z - a potion of resistance
 B - 2 potions of brilliance
 E - 5 potions of mutation
Comestibles
 c - 42 rations


   Skills:
 + Level 13.7(12.4) Fighting
 * Level 17.0(15.7) Maces & Flails
 + Level 11.3(10.1) Throwing
 + Level 13.6(12.3) Armour
 - Level 7.0(5.9) Dodging
 + Level 11.1(9.9) Shields


You had 16 spell levels left.
You didn't know any spells.
Your spell library was empty.

Dungeon Overview and Level Annotations

Branches:
Dungeon (15/15)            Temple (0/1) D:4            Lair (6/6) D:11
 Shoals (0/4) Lair:3       Spider (0/4) Lair:2        Slime (0/5) Lair:5
    Orc (2/2) D:11            Elf (1/3) Orc:2        Vaults (0/5) D:13
 Depths (0/5) D:15

Altars:
Dithmenos
Kikubaaqudgha
Xom
Jiyva

Shops:
D:9 (   Orc:2 (*?=

Annotations:
D:9 2 transporters, Enish's ghost, novice FoCK
D:10 exclusion: oklob plant


Innate Abilities, Weirdness & Mutations

You are resistant to torment.
Your stone body is resilient. (AC +12)
You are immune to poison.
Your large and strong wings let you fly indefinitely.
You resist negative energy. (rN+)
You are resistant to electric shocks. (rElec)
You can survive without breathing.
You are immune to petrification.
You are immune to rotting.


Message History

The hell rat bites you but does no damage.
The demonic crawler hits you.
* * * LOW HITPOINT WARNING * * *
The demonic crawler hits you but does no damage.
The demonic crawler hits you!
* * * LOW HITPOINT WARNING * * *
The deep elf mage barely misses you. The hell rat closely misses you.
You hit the hell rat but do no damage. The hell rat closely misses you.
The demonic crawler hits you.
* * * LOW HITPOINT WARNING * * *
The demonic crawler hits you.
* * * LOW HITPOINT WARNING * * *
The demonic crawler hits you but does no damage.
The hell rat bites you!
* * * LOW HITPOINT WARNING * * *
The deep elf mage points at you and mumbles some strange words.
The bolt of negative energy misses you.
The bolt of negative energy hits the hell rat.
The hell rat completely resists.
The hell rat bites you!
You die...

#..#..###.# ##.#.#...
#..#...##.# ##....#.##
##)#....#.########.....#.#
#.......#.((.(.).........##
#.......#########..........
#.......# #..#####.##
###...⌠.#########(.###..#..
#.....#r##.())((.#..#####
##'####e@r(####(.#.##
#..)..ss#### ##(#.# #
##....r## #.#.## # ##..(##
#(#..##### ##.## #(###..#..
#.# #.#..##..# #)#
#(e)*..... #.# ##.#.(.#.#
#.# ####..# #


You could see 2 demonic crawlers, a deep elf mage and 3 hell rats.

Vanquished Creatures
  Donald (Orc:2)
  An orc warlord (Orc:2)
  A deep elf elementalist (Elf:1)
  Louise (D:14)
  Snorg (Orc:2)
  2 deep elf death magi (Elf:1)
  A yaktaur captain (D:15)
  Josephine (D:14)
  Fannar (Lair:1)
  Erolcha (Orc:1)
  2 vault guards (D:13)
  A great orb of eyes (D:15)
  An ice dragon (Lair:6)
  A catoblepas (Lair:6)
  6 centaur warriors
  15 two-headed ogres
  6 hydras
  Urug (Orc:2)
  6 tengu warriors
  5 dancing weapons (Elf:1)
  4 ogre magi (Orc:2)
  Nergalle (Lair:4)
  The ghost of Mame the Cleaver, a novice HOMo of Beogh (D:8)
  2 deep elf knights (Elf:1)
  11 skeletal warriors
  7 unseen horrors
  2 wizards
  A lindwurm (Lair:6)
  A deep elf archer (Elf:1)
  3 necromancers
  6 orc knights
  2 wolf spiders
  10 deep elf magi
  7 ugly things
  Maurice (D:10)
  3 cyclopes
  6 elephants
  3 manticores
  A centaur zombie (D:15)
  5 torpor snails (Lair:6)
  9 black mambas
  A guardian serpent (Lair:6)
  The ghost of demivan the Charmwright, a novice GnSk (D:5)
  18 spiny frogs
  2 gargoyles
  A komodo dragon (shapeshifter) (D:13)
  A tengu conjurer (D:14)
  4 kobold demonologists (D:14)
  2 yaktaurs (D:15)
  8 komodo dragons
  5 trolls
  2 polar bears
  11 hornets
  4 jumping spiders (Lair:2)
  4 large abominations (Elf:1)
  11 blink frogs
  7 hippogriffs
  4 tyrant leeches (Lair:6)
  4 dream sheep (Lair:6)
  5 spriggans
  A water elemental (Elf:1)
  3 shadows
  7 redbacks
  9 wraiths
  13 wyverns
  41 yaks
  5 basilisks
  19 humans (D:13)
  2 fire elementals (Elf:1)
  6 vampire mosquitoes (D:14)
  2 hungry ghosts
  A steam dragon (D:8)
  6 wargs
  3 acid dragons
  A soldier ant (D:12)
  14 water moccasins
  6 porcupines
  23 orc warriors
  4 ice beasts
  3 sky beasts
  3 black bears
  22 wolves
  3 phantoms
  29 ogres
  4 necrophages
  22 centaurs
  14 crocodiles
  3 big kobolds
  4 elf zombies (Elf:1)
  16 bullfrogs
  A gnoll sergeant (D:7)
  A water moccasin skeleton (D:6)
  3 scorpions
  12 killer bees
  5 wights
  7 electric eels
  5 howler monkeys
  4 crimson imps
  3 quasits
  4 bullfrog zombies
  2 bullfrog skeletons
  17 hounds
  18 orc wizards
  15 orc priests
  2 jellies (D:6)
  7 centaur skeletons
  8 iguanas
  8 worker ants
  A killer bee zombie (D:6)
  A hound skeleton (D:9)
  A worker ant zombie (D:7)
  Robin (D:1)
  A howler monkey skeleton (D:11)
  18 adders
  9 gnolls (D:7)
  13 shadow imps
  3 adder zombies (D:5)
  4 worms
  8 leopard geckos
  87 orcs
  6 giant cockroaches
  17 goblins
  15 hobgoblins
  12 jackals
  22 kobolds
  9 quokkas
  3 ball pythons
  5 bats
  8 frilled lizards
  A leopard gecko zombie (D:8)
  8 rats
  A plant (Lair:6)
901 creatures vanquished.

Vanquished Creatures (others)
  An orc (D:10)
  7 fungi
  12 plants
20 creatures vanquished.

Grand Total: 921 creatures vanquished

Notes
Turn   | Place    | Note
-------+----------+-------------------------------------------
     0 | D:1      | Kavrick the Gargoyle Berserker began the quest for the Orb.
     0 | D:1      | Reached XP level 1. HP: 14/14 MP: 1/1
   193 | D:1      | Reached XP level 2. HP: 14/19 MP: 2/2
   551 | D:1      | Reached XP level 3. HP: 17/23 MP: 3/3
   628 | D:2      | Noticed Robin
   650 | D:1      | Reached ** piety under Trog
   693 | D:1      | Killed Robin
   990 | D:2      | You fall into a shaft and drop 2 floors!
  1062 | D:4      | Reached XP level 4. HP: 27/29 MP: 4/4
  1266 | D:4      | Reached skill level 4 in Maces & Flails
  1266 | D:4      | Reached XP level 5. HP: 31/33 MP: 5/5
  1313 | D:4      | Found a staircase to the Ecumenical Temple.
  1706 | D:4      | Noticed an ogre
  1881 | D:3      | Reached XP level 6. HP: 38/38 MP: 6/6
  1965 | D:3      | Reached skill level 1 in Throwing
  2243 | D:3      | You fall into a shaft and drop 3 floors!
  2246 | D:5      | Entered Level 5 of the Dungeon
  2558 | D:4      | Reached skill level 5 in Maces & Flails
  2720 | D:3      | Reached XP level 7. HP: 43/44 MP: 7/7
  2765 | D:3      | Reached *** piety under Trog
  4016 | D:4      | Got a colourful robe
  4027 | D:4      | Identified the cursed +0 robe of Autumn {*Drain rElec
                  | Str+2} (You found it on level 4 of the Dungeon)
  4460 | D:5      | Reached skill level 5 in Fighting
  4781 | D:5      | Found a runed translucent door.
  4789 | D:5      | Noticed demivan's ghost (novice GnSk)
  5236 | D:5      | Killed demivan's ghost
  5236 | D:5      | Reached skill level 6 in Maces & Flails
  5236 | D:5      | Reached XP level 8. HP: 50/50 MP: 8/8
  5397 | D:6      | Reached **** piety under Trog
  5421 | D:6      | Reached skill level 5 in Armour
  5904 | D:6      | Reached skill level 7 in Maces & Flails
  6063 | D:6      | Reached XP level 9. HP: 55/55 MP: 9/9
  6360 | D:6      | Found a shimmering altar of Xom.
  6968 | D:7      | Reached skill level 8 in Maces & Flails
  7903 | D:8      | Found a shadowy altar of Dithmenos.
  7988 | D:8      | Received a gift from Trog
  8047 | D:8      | Reached XP level 10. HP: 53/63 MP: 10/10
  8228 | D:8      | Reached skill level 5 in Dodging
  8232 | D:8      | Reached skill level 9 in Maces & Flails
  8304 | D:8      | Found a runed translucent door.
  8306 | D:8      | Identified the +5 trident of Enodworu {elec, Dex+2}
  8308 | D:8      | Noticed Mame's ghost (novice HOMo)
  8481 | D:8      | Killed Mame's ghost
  8481 | D:8      | Reached skill level 5 in Throwing
  8780 | D:9      | Found a transporter.
  8806 | D:9      | Found a transporter.
  8817 | D:9      | Noticed a moth of wrath
  8818 | D:9      | Noticed Enish's ghost (novice FoCK)
  8823 | D:9      | Noticed a wolf spider
  8850 | D:9      | Reached ***** piety under Trog
  8867 | D:9      | Noticed a two-headed ogre
  8885 | D:9      | Killed a two-headed ogre
  9023 | D:9      | Reached skill level 10 in Maces & Flails
  9224 | D:9      | Reached XP level 11. HP: 60/68 MP: 11/11
  9651 | D:9      | Noticed a deep elf mage
  9663 | D:9      | Killed a deep elf mage
  9702 | D:9      | Found Ciklown's Antique Weapon Shop.
  9958 | D:10     | Entered Level 10 of the Dungeon
  9958 | D:10     | Noticed an oklob plant
 10209 | D:10     | Noticed a two-headed ogre
 10221 | D:10     | Killed a two-headed ogre
 10690 | D:10     | Noticed Maurice
 10738 | D:10     | Killed Maurice
 11004 | D:10     | Noticed an orc knight
 11027 | D:10     | Killed an orc knight
 11416 | D:11     | Received a gift from Trog
 11487 | D:11     | Noticed a wizard
 11493 | D:11     | Killed a wizard
 11535 | D:11     | Reached skill level 1 in Shields
 11558 | D:11     | Reached skill level 11 in Maces & Flails
 11665 | D:11     | Found a staircase to the Lair.
 11676 | D:11     | Paralysed by fainting for 7 turns
 11829 | D:11     | Found a staircase to the Orcish Mines.
 11981 | D:11     | Noticed a purple ugly thing
 12011 | D:11     | Killed a purple ugly thing
 12297 | D:11     | Reached XP level 12. HP: 57/76 MP: 12/12
 12461 | Lair:1   | Entered Level 1 of the Lair of Beasts
 13024 | Lair:1   | Noticed Fannar
 13079 | Lair:1   | Killed Fannar
 13208 | Lair:1   | Noticed a five-headed hydra
 13220 | Lair:1   | Killed a five-headed hydra
 13864 | Lair:2   | Found a hole to the Spider Nest.
 14316 | Lair:2   | Reached skill level 12 in Maces & Flails
 15182 | Lair:2   | Reached skill level 10 in Fighting
 15814 | Lair:3   | Received a gift from Trog
 16159 | Lair:3   | Found a staircase to the Shoals.
 16278 | Lair:3   | Reached XP level 13. HP: 80/82 MP: 11/13
 16541 | Lair:3   | Identified the +2 scale mail of Enaph {rElec Dex-3 Slay+5
                  | Stlth+} (You found it on level 3 of the Lair of Beasts)
 16679 | Lair:3   | Reached skill level 10 in Armour
 16686 | Lair:3   | Reached skill level 5 in Shields
 17275 | Lair:4   | Noticed Nergalle
 17296 | Lair:4   | Killed Nergalle
 17935 | Lair:5   | Received a gift from Trog
 18128 | Lair:5   | Reached skill level 13 in Maces & Flails
 18357 | Lair:5   | Found a viscous altar of Jiyva.
 18357 | Lair:5   | Found a staircase to the Slime Pits.
 18581 | Lair:5   | Received a gift from Trog
 19145 | Lair:6   | Entered Level 6 of the Lair of Beasts
 19993 | Lair:6   | Gained mutation: Your large and strong wings let you fly
                  | indefinitely. [Gargoyle growth]
 19993 | Lair:6   | Reached XP level 14. HP: 90/90 MP: 14/14
 20490 | Lair:6   | Found a runed translucent door.
 20664 | Lair:6   | Reached skill level 14 in Maces & Flails
 20896 | Lair:6   | Received a gift from Trog
 21749 | Lair:6   | Received a gift from Trog
 22657 | D:12     | Received a gift from Trog
 23509 | D:13     | Reached XP level 15. HP: 96/96 MP: 15/15
 23802 | D:13     | Received a gift from Trog
 23802 | D:13     | Reached skill level 15 in Maces & Flails
 24132 | D:13     | Found a gate to the Vaults.
 24289 | D:13     | Reached skill level 10 in Throwing
 24967 | D:14     | Noticed Josephine
 24983 | D:14     | Killed Josephine
 25041 | D:14     | Noticed Louise
 25092 | D:14     | Killed Louise
 25690 | D:14     | Received a gift from Trog
 25996 | D:14     | Reached ****** piety under Trog
 26309 | D:15     | Entered Level 15 of the Dungeon
 26664 | D:15     | Reached XP level 16. HP: 81/103 MP: 13/16
 26726 | D:15     | Received a gift from Trog
 26843 | D:15     | Reached skill level 16 in Maces & Flails
 27046 | D:15     | Reached skill level 10 in Shields
 27498 | D:15     | Received a gift from Trog
 27545 | D:15     | Found an ancient bone altar of Kikubaaqudgha.
 27742 | D:15     | Found a staircase to the Depths.
 28192 | Orc:1    | Entered Level 1 of the Orcish Mines
 28197 | Orc:2    | Entered Level 2 of the Orcish Mines
 28197 | Orc:2    | Noticed Erolcha
 28392 | D:11     | Received a gift from Trog
 28596 | Orc:1    | Received a gift from Trog
 29280 | Orc:1    | Killed Erolcha
 29881 | Orc:2    | Noticed Urug
 29900 | Orc:2    | Killed Urug
 29946 | Orc:2    | Noticed Donald
 29961 | Orc:2    | Killed Donald
 29997 | Orc:2    | Noticed Snorg
 30034 | Orc:2    | Killed Snorg
 30481 | Orc:2    | Found Etuakapi's Magic Scroll Boutique.
 30481 | Orc:2    | Found Tyrgh's Jewellery Emporium.
 30482 | Orc:2    | Found Saminoga's Antique Weapon Shoppe.
 30482 | Orc:2    | Found Okepnaog's General Store.
 30503 | Orc:2    | Found a staircase to the Elven Halls.
 30519 | Orc:2    | Received a gift from Trog
 30575 | Orc:2    | Bought 3 scrolls of enchant weapon for 315 gold pieces
 31119 | Elf:1    | Entered Level 1 of the Elven Halls
 31256 | Elf:1    | Received a gift from Trog
 31475 | Elf:1    | Reached XP level 17. HP: 101/109 MP: 14/17
 31494 | Elf:1    | Identified the Collected Works on Dark Rites
 31587 | Elf:1    | Reached skill level 17 in Maces & Flails
 31666 | Elf:1    | Received a gift from Trog
 31795 | Elf:1    | HP: 3/110 [hell rat[a deep elf mage] (5)]
 31795 | Elf:1    | Slain by a hell rat

Levels and vault maps discovered:
D:1:      minmay_arrival_wavy_path, layout_loops_ring, minivault_14
D:2:      layout_loops_ring, first_ration, uniq_robin
D:3:      minmay_diamond_boxcup, layout_basic, minmay_unequal
D:4:      layout_loops_corners, minmay_temple_entry_stoned_glass
D:5:      layout_basic, ebering_ghost_reflecting_pool
D:6:      minmay_spotlight, layout_loops_ring, tgw_xom
D:7:      layout_loops_ring
D:8:      layout_cave_pools, grunt_dithmenos_smoke, ebering_ghost_funeral_grove
D:9:      minmay_the_grid_square_5x5_3x3 [minmay_the_grid_square_5x5_inset,
          minmay_the_grid_square_5x5_longway,
          minmay_the_grid_square_5x5_one_wall,
          minmay_the_grid_square_5x5_eight_small,
          minmay_the_grid_square_5x5_megaprize_hollow,
          minmay_the_grid_square_5x5_meh, minmay_the_grid_square_5x5_v,
          minmay_the_grid_square_5x5_tri_point,
          minmay_the_grid_square_5x5_lines], layout_basic, serial_shops,
          nicolae_shop_overgrown_old_shop, gammafunk_ghost_berserking_beasts
D:10:     cheibrodos_orc_bank, layout_basic, grunt_pizzeria,
          dpeg_stationary_puzzle, uniq_maurice
D:11:     layout_loops_corners, david_lair_generic, orc_0_dummy,
          lightli_wizard_tower
D:12:     layout_long_grid
D:13:     minmay_general_purpose_star, layout_small_grid,
          grunt_vaults_entry_tiered
D:14:     layout_small_grid, uniq_josephine, uniq_louise
D:15:     grunt_enter_depths_snipers, layout_cave_pools, basic_altar,
          minmay_misc_feat_encased, st_stairs_6, minmay_crystal_water
Lair:1:   layout_gridlike, infiniplex_staircase_pool_2, uniq_fannar
Lair:2:   layout_chaotic_city, nicolae_spider_entry_tight_spaces,
          beast_lair_carwin_2
Lair:3:   beast_lair_carwin_large_3, layout_cave_pods,
          minmay_shoals_entry_centaurs, forest_entry_grove
Lair:4:   layout_big_grid, serial_bayou_shore_a, uniq_nergalle
Lair:5:   layout_hall_layers, slime_altar_1, beast_lair_carwin_9,
          lemuel_fruit_fields, lemuel_fruit_tree
Lair:6:   wormcave, layout_small_grid, hangedman_lair_tendril_chambers,
          grunt_megastairs_5
Orc:1:    layout_caves
Orc:2:    st_orc_ogre_mass, layout_diamond_mine, gauntlet_entry_generic,
          uniq_erolcha, uniq_urug, uniq_snorg, uniq_donald
Elf:1:    layout_loops_ring, ebering_ghost_gozag, minmay_elf_necromancy

Skill      XL: |  1  2  3  4  5  6  7  8  9 10 11 12 13 14 15 16 17 |
---------------+----------------------------------------------------+-----
Dodging        | 2 3 4 5 6 7 |  7.0
Fighting       | 4 5 6 7 8 9 10 11 12 13 | 13.7
Maces & Flails | 4 5 6 7 8 10 11 12 13 14 15 16 17 | 17.0
Armour         | 3 4 5 6 7 8 9 10 11 12 13 | 13.6
Throwing       | 1 2 3 4 5 6 7 8 9 10 11 | 11.3
Shields        | 2 4 6 8 9 11 | 11.1

Action                   |  1- 3 |  4- 6 |  7- 9 | 10-12 | 13-15 | 16-18 || total
-------------------------+-------+-------+-------+-------+-------+-------++-------
Melee: Mace              |    95 |   193 |   572 |  1101 |  1594 |  1113 ||  4668
       Club              |       |       |   102 |       |       |       ||   102
       Great mace        |       |       |       |   121 |   182 |       ||   303
       Eveningstar       |       |       |       |       |    52 |       ||    52
Throw: Dart              |       |       |       |    16 |     7 |       ||    23
       Boomerang         |       |       |       |       |    59 |    12 ||    71
Invok: Berserk           |     1 |     3 |     6 |     9 |    15 |     7 ||    41
       Trog's Hand       |       |       |     1 |     7 |     6 |     6 ||    20
  Use: Scroll            |       |       |    10 |    16 |     6 |     1 ||    33
 Stab: Petrified         |       |       |     8 |       |       |       ||     8
       Paralysed         |       |       |     3 |       |       |       ||     3
       Petrifying        |       |       |     1 |       |       |       ||     1
  Eat: Chunk             |     2 |     8 |    24 |    31 |    46 |    19 ||   130
       Ration            |       |       |       |     3 |     2 |     2 ||     7
Armor: Animal skin       |    43 |   105 |    12 |       |       |       ||   160
       Plate armour      |       |       |   481 |  1012 |   308 |   648 ||  2449
       Robe              |       |       |     9 |       |       |       ||     9
       Scale mail        |       |       |       |       |   741 |       ||   741
Dodge: Dodged            |    55 |   150 |   310 |   620 |   743 |   314 ||  2192
       Deflected         |       |       |     5 |    18 |    18 |    61 ||   102
Block: Shield            |       |       |       |    47 |   839 |   594 ||  1480
       Large shield      |       |       |       |       |       |    62 ||    62

Table legend:
 A = Non-vault XP
 B = Vault XP
 C = Vault XP percentage of total XP
 D = Non-vault monster count
 E = Vault monster count
 F = Vault count percentage of total count
                 A         B        C        D         E       F
            +---------+---------+-------+---------+---------+-------
      Total |  119967 |   69929 |  36.8 |     655 |     245 |  27.2
            +---------+---------+-------+---------+---------+-------
        D:1 |      34 |      25 |  42.4 |      22 |       8 |  26.7
        D:2 |      56 |       0 |   0.0 |      25 |       0 |   0.0
        D:3 |      94 |      44 |  31.9 |      20 |      12 |  37.5
        D:4 |     462 |       0 |   0.0 |      22 |       0 |   0.0
        D:5 |     311 |     421 |  57.5 |      20 |       1 |   4.8
        D:6 |    1201 |     224 |  15.7 |      22 |       7 |  24.1
        D:7 |    1320 |       0 |   0.0 |      41 |       0 |   0.0
        D:8 |    1249 |    1630 |  56.6 |      20 |       6 |  23.1
        D:9 |    2732 |     381 |  12.2 |      22 |      10 |  31.2
       D:10 |    2385 |    1543 |  39.3 |      23 |      17 |  42.5
       D:11 |    6651 |    1659 |  20.0 |      63 |       6 |   8.7
       D:12 |    7458 |       0 |   0.0 |      33 |       0 |   0.0
       D:13 |   15087 |    7798 |  34.1 |      52 |      27 |  34.2
       D:14 |   21751 |    3675 |  14.5 |      54 |       7 |  11.5
       D:15 |    9908 |    3411 |  25.6 |      23 |       5 |  17.9
     Lair:1 |    3709 |     945 |  20.3 |      16 |       1 |   5.9
     Lair:2 |    2040 |    2897 |  58.7 |       9 |      13 |  59.1
     Lair:3 |    1723 |    2621 |  60.3 |       5 |      21 |  80.8
     Lair:4 |    4054 |     812 |  16.7 |      17 |       1 |   5.6
     Lair:5 |   10124 |    1869 |  15.6 |      39 |       7 |  15.2
     Lair:6 |    7363 |   16782 |  69.5 |      24 |      51 |  68.0
      Orc:1 |    3015 |    1019 |  25.3 |      36 |       1 |   2.7
      Orc:2 |    4347 |   18606 |  81.1 |      29 |      34 |  54.0
      Elf:1 |   12893 |    3567 |  21.7 |      18 |      10 |  35.7
            +---------+---------+-------+---------+---------+-------
